Map: Tours du crépuscule

Players

Worming

  • Race: Zerg Zerg
  • League: Diamond

jan - Winner!

  • Race: Protoss Protoss
  • League: Platinum

VOD

Have the link to the VOD?

Description

Time

  • Played on: Jan. 5, 2016, 1:05 p.m.
  • Length: 10:50
Show
View Real Time Build Order
Export as new Build Order

Worming Zerg 

Build Orders: 3 Hatch before Pool 

Get SALT Encoding   

  12  0:01  Drone  
  13  0:12  Overlord  
  13  0:17  Drone  
  14  0:30  Drone x2  
  14  0:34  Drone  
  17  0:54  Hatchery  
  17  0:57  Drone  
  17  0:58  Drone  
  18  1:06  Drone  
  19  1:22  Hatchery  
  18  1:25  Drone  
  19  1:36  Spawning Pool  
  19  1:39  Drone  
  19  1:47  Extractor  
  18  1:50  Drone x2  
  20  2:01  Drone  
  21  2:18  Overlord  
  21  2:23  Queen  
  21  2:24  Drone x2  
  21  2:27  Drone  
  21  2:28  Queen  
  28  2:36  Zergling x2  
  30  2:37  Zergling x4  
  30  2:43  Drone x2  
  33  2:48  Drone  
  34  2:55  Metabolic Boost  
  34  3:04  Queen  
  36  3:07  Drone x5  
  41  3:14  Overlord  
  41  3:15  Overlord  
  41  3:18  Drone  
  42  3:48  Queen x2  
  42  3:51  Spore Crawler  
  42  3:53  Spore Crawler  
  42  3:54  Spore Crawler  
  43  3:56  Drone x5  
  43  3:57  Drone x4  
  43  3:58  Drone x3  
  55  4:12  Overlord  
  55  4:14  Overlord  
  55  4:31  Queen  
  55  4:35  Queen, Extractor  
  58  4:38  Overlord x3  
  58  4:58  Extractor  
  58  4:59  Extractor  
  56  5:04  Drone x12  
  56  5:05  Drone x4, Roach Warren  
  71  5:07  Pneumatized Carapace  
  71  5:08  Extractor  
  67  5:32  Drone x3  
  67  5:33  Drone x2  
  67  5:34  Drone x2  
  74  5:36  Drone x4  
  74  5:40  Extractor  
  74  5:41  Spore Crawler  
  76  5:45  Spore Crawler  
  76  5:48  Lair  
  75  5:58  Spore Crawler x2  
  75  6:02  Drone  
  75  6:03  Drone x2  
  75  6:25  Evolution Chamber  
  74  6:26  Evolution Chamber  
  74  6:29  Drone  
  74  6:31  Overlord x2  
  74  6:32  Overlord x2  
  74  6:36  Zergling x10  
  74  6:37  Zergling x6  
  82  6:40  Overlord x4  
  82  6:46  Hatchery  
  81  6:52  Zerg Missile Weapons Level 1, Zerg Ground Armor Level 1  
  81  6:53  Spire  
  76  7:07  Zergling x16  
  83  7:17  Drone x8  
  83  7:19  Queen x2  
  83  7:20  Queen  
  97  7:35  Glial Reconstitution  
  95  7:37  Roach x8  
  109  7:49  Overlord x2  
  109  7:51  Roach x4  
  115  7:53  Zergling x10  
  122  8:04  Corruptor x4  
  130  8:09  Corruptor x4  
  130  8:11  Zerg Flyer Weapons Level 1  
  138  8:14  Corruptor x2  
  138  8:19  Corruptor  
  144  8:29  Drone x8  
  152  8:34  Overlord x2  
  145  8:49  Drone x6  
  148  9:02  Hydralisk Den  
  131  9:06  Roach x5  
  131  9:07  Roach x8  
  153  9:13  Roach x5  
  163  9:34  Extractor  
  163  9:35  Extractor  
  163  9:37  Zergling x14  
  168  9:39  Overlord x4  
  168  9:43  Hatchery  
  134  10:04  Roach x14  
  136  10:12  Corruptor  
  138  10:17  Hydralisk  
  138  10:18  Hydralisk  
  144  10:23  Hydralisk  
  140  10:36  Hatchery  
Show
View Real Time Build Order
Export as new Build Order

jan Protoss - Winner!

Build Orders: Nexus First, Phoenix Opening, Zealot Archon 

Get SALT Encoding   

  12  0:00  Probe (Chrono Boost)  
  13  0:11  Probe (Chrono Boost)  
  14  0:18  Pylon  
  14  0:21  Probe (Chrono Boost)  
  15  0:36  Probe (Chrono Boost)  
  16  0:47  Probe (Chrono Boost)  
  17  0:58  Nexus  
  17  1:01  Probe (Chrono Boost)  
  18  1:11  Gateway  
  18  1:14  Probe (Chrono Boost)  
  19  1:20  Assimilator  
  19  1:24  Probe (Chrono Boost)  
  20  1:29  Pylon  
  20  1:35  Probe (Chrono Boost)  
  20  1:38  Assimilator  
  21  1:46  Probe (Chrono Boost)  
  22  1:56  Probe (Chrono Boost)  
  23  2:01  Cybernetics Core  
  23  2:02  Zealot  
  23  2:07  Probe (Chrono Boost)  
  26  2:10  Probe (Chrono Boost)  
  27  2:17  Probe (Chrono Boost)  
  27  2:21  Probe (Chrono Boost)  
  29  2:28  Probe (Chrono Boost)  
  30  2:30  Pylon  
  30  2:31  Probe (Chrono Boost)  
  31  2:39  Probe (Chrono Boost)  
  31  2:40  Stargate  
  33  2:44  Probe (Chrono Boost)  
  33  2:49  Probe (Chrono Boost)  
  33  2:50  Stargate  
  34  2:54  Probe (Chrono Boost)  
  34  2:58  Assimilator  
  35  2:59  Warp Gate  
  35  3:03  Adept  
  35  3:04  Probe (Chrono Boost)  
  35  3:05  Probe (Chrono Boost)  
  39  3:17  Probe x2 (Chrono Boost), Pylon  
  41  3:23  Phoenix  
  43  3:28  Probe x2 (Chrono Boost)  
  45  3:34  Phoenix  
  47  3:43  Probe x2 (Chrono Boost)  
  47  3:46  Assimilator  
  49  3:48  Phoenix  
  51  3:57  Probe (Chrono Boost)  
  51  3:58  Probe (Chrono Boost)  
  51  3:59  Gateway  
  53  4:03  Phoenix  
  53  4:04  Gateway  
  53  4:08  Probe (Chrono Boost)  
  56  4:12  Probe (Chrono Boost)  
  56  4:16  Phoenix  
  59  4:18  Probe (Chrono Boost)  
  60  4:25  Gateway  
  60  4:26  Pylon  
  60  4:28  Mothership Core (Chrono Boost)  
  62  4:40  Forge  
  62  4:41  Pylon  
  62  4:44  Phoenix x2  
  66  5:01  Gateway  
  66  5:06  Gateway  
  66  5:10  Nexus  
  65  5:28  Protoss Ground Weapons Level 1  
  65  5:33  Phoenix x2  
  69  5:36  Probe x2 (Chrono Boost)  
  69  5:39  Pylon  
  69  5:41  Pylon  
  71  5:43  Adept, Zealot  
  71  5:44  Adept  
  71  5:47  Probe (Chrono Boost)  
  78  5:50  Twilight Council  
  78  5:57  Probe x2 (Chrono Boost)  
  80  6:08  Probe (Chrono Boost), Photon Cannon  
  80  6:10  Gateway x2  
  81  6:19  Probe x2 (Chrono Boost)  
  81  6:22  Gateway, Robotics Facility  
  81  6:25  Pylon  
  83  6:28  Probe (Chrono Boost)  
  83  6:30  Probe x2 (Chrono Boost)  
  86  6:36  Charge  
  86  6:40  Probe x2 (Chrono Boost)  
  86  6:46  Probe (Chrono Boost)  
  89  6:47  Templar Archives  
  89  6:48  Assimilator  
  89  6:49  Assimilator  
  89  6:50  Probe (Chrono Boost)  
  89  6:51  Probe (Chrono Boost)  
  91  7:11  Observer  
  91  7:15  Zealot x4  
  100  7:18  Zealot  
  100  7:19  Probe (Chrono Boost)  
  100  7:20  Probe (Chrono Boost)  
  104  7:27  Pylon  
  104  7:29  Pylon  
  104  7:32  Pylon, Immortal  
  108  7:39  High Templar x4  
  108  7:43  Archon  
  116  7:44  Archon  
  116  7:49  Pylon  
  116  7:50  Pylon  
  116  7:55  Psionic Storm, Zealot x5  
  116  7:57  Protoss Ground Weapons Level 2  
  126  8:09  Nexus  
  126  8:12  Pylon, Immortal  
  130  8:15  Pylon  
  128  8:30  Phoenix x2  
  128  8:32  Fleet Beacon  
  128  8:34  Photon Cannon  
  132  8:35  Gateway  
  132  8:36  Gateway  
  132  8:38  High Templar x2  
  136  8:42  Archon  
  134  9:04  Stalker x2  
  134  9:05  Stalker x4  
  134  9:06  Stalker  
  144  9:16  Assimilator  
  144  9:19  High Templar x2  
  144  9:21  Assimilator  
  144  9:23  Pylon  
  148  9:28  Pylon  
  148  9:34  Zealot x3  
  148  9:35  Zealot x3  
  134  10:10  High Templar x3  
  134  10:11  Zealot x4  
  134  10:12  Zealot x4  
Tags
 
Add a new tag
Caveats
  • Supply blocks, unpowered buildings, or Contaminate may cause inaccurate times.
  • Supply counts are checked every 10 seconds.